 Dungeon Crawl Stone Soup version 0.30-a0-54-g2e61a25929 (webtiles) character file.

Game seed: 7801846552764037218

352 marky1606 the Shooter (level 6, -6/44 HPs)
             Began as a Demonspawn Wanderer on Sept 7, 2022.
             Was an Initiate of Gozag.
             Killed by divine providence
             ... invoked by an orc priest
              (12 damage)
             ... on level 3 of the Dungeon.
             The game lasted 00:23:19 (3987 turns).

marky1606 the Shooter (Demonspawn Wanderer)         Turns: 3987, Time: 00:23:20

Health: -6/44      AC:  6    Str: 12    XL:     6   Next: 35%
Magic:  9/9        EV: 12    Int: 12    God:    Gozag
Gold:   145        SH:  0    Dex: 16    Spells: 9/9 levels left

rFire   . . .      SeeInvis .    a - +2 sling
rCold   . . .      Faith    .    (no shield)
rNeg    . . .      Spirit   .    d - +1 robe
rPois   .          Reflect  .    (helmet restricted)
rElec   .          Harm     .    (no cloak)
rCorr   .          Rampage  .    (no gloves)
Will    .....                    (no boots)
Stlth   +.........               (no amulet)
HPRegen 0.14/turn                (no ring)
MPRegen 0.11/turn                (no ring)

@: no status effects
A: horns 2, thin metallic scales 2, ignite blood 1
a: Renounce Religion, Potion Petition, Call Merchant, Bribe Branch


You were on level 3 of the Dungeon.
You worshipped Gozag.
Gozag was aware of your devotion.
You visited 1 branch of the dungeon, and saw 3 of its levels.

You collected 145 gold pieces.

Inventory:

Hand Weapons
 a - a +2 sling (weapon)
Missiles
 f - 21 stones
Armour
 d - a +1 robe (worn)
Scrolls
 h - 2 scrolls of identify
 l - a scroll of immolation {unknown}
Potions
 e - a potion of brilliance
 g - a potion of invisibility {unknown}
 i - 3 potions of curing {unknown}
 j - a potion of degeneration {unknown}
 k - 3 potions of heal wounds {unknown}
Miscellaneous
 b - a piece from Xom's chessboard (15/15) (quivered)


   Skills:
 * Level 2.2 Fighting
 * Level 5.0 Ranged Weapons
 + Level 1.0 Armour
 * Level 2.1 Dodging
 - Level 2.0 Spellcasting
 - Level 1.0 Transmutations
 + Level 4.3 Evocations


You had 9 spell levels left.
You didn't know any spells.
Your spell library contained the following spells:

 Spells                   Type           Power      Damage    Failure   Level
 Wereblood                Tmut           3%         N/A       26%         2
 Passwall                 Tmut/Erth      1%         N/A       32%         2
 Dazzling Flash           Conj/Hex       2%         N/A       63%         3
 Agony                    Necr           1%         N/A       100%        5
 Silence                  Hex/Air        0%         N/A       100%        5


Dungeon Overview and Level Annotations

Branches:
Dungeon (3/15)

Altars:
Gozag


Innate Abilities, Weirdness & Mutations

You have a pair of horns on your head.
You are mostly covered in thin metallic scales. (AC +3)
Your demonic aura sometimes causes spilled blood to erupt in flames.


Message History

The sling bullet hits the orc priest.
The orc priest is moderately wounded.
The orc closely misses you.
Fire: a) +2 sling
Press: ? - help, Shift-Dir - straight line, f/p - orc
Aim: an orc, wielding a +0 dagger and wearing a +0 chain mail (lightly wounded, 70% to hit)
You shoot a sling bullet.
The sling bullet hits the orc but does no damage.
The orc is lightly wounded.
The orc barely misses you. The orc attacks as you move away!
The orc hits you but does no damage. The orc attacks as you move away!
The orc hits you but does no damage.
The orc priest calls upon Beogh to heal the orc.
The orc's wounds heal themselves!
The orc attacks as you move away! The orc hits you with a +0 dagger.
The orc attacks as you move away! The orc hits you but does no damage.
The orc priest invokes the aid of Beogh against you.
Beogh smites you!
The orc priest calls down the wrath of Beogh upon you.
Beogh smites you!
* * * LOW HITPOINT WARNING * * *
You see here a +0 dagger.
Fire: a) +2 sling
Press: ? - help, Shift-Dir - straight line, f/p - orc
Aim: an orc, wielding a +0 dagger and wearing a +0 chain mail (70% to hit)
You shoot a sling bullet.
The sling bullet hits the orc but does no damage.
The orc hits you with a +0 dagger.
* * * LOW HITPOINT WARNING * * *
The orc is distracted by your dazzling golden aura.
As you read the scroll of summoning, it crumbles to dust.
Wisps of shadow whirl around you...
The orc is no longer distracted by gold.
The orc priest begins to cast a cantrip, but forgets the words!
The orc barely misses you.
Your rat misses the orc.
The orc priest calls down the wrath of Beogh upon you.
Beogh smites you!
You die...
Your body crumbles into a pile of gold.

................
................#
................# ..^.
.......o........##+#...
#######........... #..
#r####.....# #.. #o#
.....#.#.# #°#
#.<...#.# #@# #.#####.#
#l# #.......###
#.#############.).
#.........# #.##
#########.# #.# #.# #.#
#.#####)# #.......#
#########


You could see an orc priest, an orc (ally target), a friendly frilled lizard
(summoned) and a friendly rat (summoned).

Vanquished Creatures
  A centaur (D:3)
  Jessica (D:2)
  A worm (D:2)
  12 dart slugs (D:3)
  3 orcs
  7 endoplasms
  A giant cockroach (D:2)
  5 goblins
  5 hobgoblins
  4 jackals (D:3)
  A kobold (D:3)
  4 quokkas
  7 ball pythons
  4 bats
  2 frilled lizards
  3 rats
61 creatures vanquished.

Vanquished Creatures (collateral kills)
  Sigmund (D:3)
1 creature vanquished.

Grand Total: 62 creatures vanquished

Notes
Turn   | Place    | Note
-------+----------+-------------------------------------------
     0 | D:1      | marky1606 the Demonspawn Wanderer began the quest for the
                  | Orb.
     0 | D:1      | marky1606 set off with the following items: a +2 sling, a
                  | piece from Xom's chessboard (15/15), a scroll of summoning,
                  | a +0 robe; and the following spells available to memorise:
                  | Wereblood, Passwall.
     0 | D:1      | Reached XP level 1. HP: 13/13 MP: 3/3
   470 | D:1      | Gained mutation: Your demonic aura sometimes causes spilled
                  | blood to erupt in flames. [demonic ancestry]
   470 | D:1      | Reached XP level 2. HP: 19/19 MP: 5/5
   591 | D:1      | Reached skill level 2 in Ranged Weapons
  1344 | D:2      | Reached skill level 1 in Dodging
  1693 | D:2      | Gained mutation: You have a pair of small horns on your
                  | head. [demonic ancestry]
  1693 | D:2      | Reached XP level 3. HP: 25/25 MP: 6/6
  2511 | D:2      | Noticed Jessica
  2515 | D:2      | Killed Jessica
  2516 | D:2      | Reached skill level 1 in Fighting
  2516 | D:2      | Reached skill level 3 in Ranged Weapons
  2516 | D:2      | Gained mutation: You are partially covered in thin metallic
                  | scales. (AC +2) [demonic ancestry]
  2516 | D:2      | Reached XP level 4. HP: 32/32 MP: 7/7
  3442 | D:3      | Found a faded altar of an unknown god.
  3451 | D:3      | Prayed at the altar of an unknown god.
  3451 | D:3      | Became a worshipper of Gozag Ym Sagoz the Greedy
  3572 | D:3      | Noticed Sigmund
  3583 | D:3      | Killed Sigmund
  3584 | D:3      | Reached skill level 4 in Ranged Weapons
  3584 | D:3      | Gained mutation: You have a pair of horns on your head.
                  | [demonic ancestry]
  3584 | D:3      | Reached XP level 5. HP: 34/38 MP: 8/8
  3584 | D:3      | Gained mutation: You are mostly covered in thin metallic
                  | scales. (AC +3) [demonic ancestry]
  3584 | D:3      | Reached XP level 6. HP: 40/44 MP: 9/9
  3918 | D:3      | Reached skill level 5 in Ranged Weapons
  3987 | D:3      | Killed from afar by an orc priest

Illustrated notes

Levels and vault maps discovered:
D:1:      psy_arrival_dodecagon, layout_basic
D:2:      minmay_chambers_of_ones, layout_loops_corners, minmay_misc_feat_five,
          serial_bayou_lagoon_a, uniq_jessica
D:3:      kennysheep_slugbush, layout_basic, mainiacjoe_overflow_catwalk,
          shapermc_ecumenical_altar_pompeii, uniq_sigmund, uniq_natasha

Skill      XL: |  1  2  3  4  5  6 |
---------------+-------------------+-----
Ranged Weapons | 2 3 4 5 |  5.0
Dodging        | 1 2 |  2.1
Fighting       | 1 2 |  2.2
Armour         | |  1.0
Spellcasting   | |  2.0
Transmutations | |  1.0
Evocations     | |  4.3

Action                   |  1- 3 |  4- 6 || total
-------------------------+-------+-------++-------
Melee: Sling             |       |     2 ||     2
       Headbutt          |       |     1 ||     1
 Fire: Sling             |    83 |    95 ||   178
Evoke: Piece from Xom's  |    10 |     1 ||    11
  Use: Scroll            |     6 |     2 ||     8
Armor: Robe              |     7 |    46 ||    53
Dodge: Dodged            |    20 |    75 ||    95

Table legend: (Time is in decaauts)
 A = Elapsed time spent in this place.
 B = Non-inter-level travel time spent in this place.
 C = Inter-level travel time spent in this place.
 D = Time resting spent in this place.
 E = Time spent auto-exploring this place.
 F = Levels seen in this place.
 G = Mean time per level.
                   A        B        C        D        E       F      G
               +--------+--------+--------+--------+--------+-----+--------+
         Total |   4040 |   4040 |      0 |   1710 |      0 |   3 | 1346.7 |
       Dungeon |   4040 |   4040 |      0 |   1710 |      0 |   3 | 1346.7 |
               +--------+--------+--------+--------+--------+-----+--------+

Top non-repeatable levels by time:
     D:2: 1880 daAuts
     D:1: 1292 daAuts
     D:3: 866 daAuts
